 Dungeon Crawl Stone Soup version 0.27-a0-1196-g3e9cee4cb2 (webtiles) character file.

Game seed: 2437428230194410811

136 funkygono the Firebug (level 5, -2/28 HPs)
             Began as a Gargoyle Fire Elementalist on May 29, 2021.
             Killed by nerve-wracking pain
             ... invoked by Grinder
              (3 damage)
             ... on level 3 of the Dungeon.
             The game lasted 00:07:10 (3217 turns).

funkygono the Firebug (Gargoyle Fire Elementalist)  Turns: 3217, Time: 00:07:11

Health: -2/28      AC:  8    Str: 11    XL:     5   Next: 19%
Magic:  8/9        EV: 12    Int: 17    God:
Gold:   135        SH:  0    Dex: 10    Spells: 2/10 levels left

rFire    . . .     SeeInvis .   k - +1 mace (venom)
rCold    . . .     Faith    .   (no shield)
rNeg     + . .     Spirit   .   a - +1 robe
rPois    ∞         Reflect  .   l - +0 helmet
rElec    +         Harm     .   (no cloak)
rCorr    .         Rampage  .   (no gloves)
Will     .....                  (no boots)
Stlth    ++........             (no amulet)
HPRegen  0.09/turn              (no ring)
MPRegen  0.11/turn              (no ring)

@: no status effects
A: sickness immunity, AC +4, negative energy resistance 1, electricity
resistance, torment resistance 1, petrification resistance
a: no special abilities


You were on level 3 of the Dungeon.
You visited 1 branch of the dungeon, and saw 6 of its levels.

You collected 135 gold pieces.

Inventory:

Hand Weapons
 c - a +0 whip
 k - a +1 mace of venom (weapon)
Missiles
 e - 110 stones
Armour
 a - a +1 robe (worn)
 l - a +0 helmet (worn)
Jewellery
 b - a ring of poison resistance
Scrolls
 n - a scroll of immolation {unknown}
Potions
 d - a potion of mutation {unknown}
 f - a potion of curing
 g - 2 potions of heal wounds {unknown}
 h - a potion of might {unknown}
 i - a potion of cancellation {unknown}
 j - a potion of brilliance {unknown}
 m - 2 potions of lignification {unknown}


   Skills:
 + Level 0.1 Fighting
 + Level 0.6 Maces & Flails
 + Level 2.1 Dodging
 - Level 2.1 Stealth
 * Level 3.1 Spellcasting
 * Level 2.6 Conjurations
 * Level 3.8 Fire Magic


You had 2 spell levels left.
You knew the following spells:

 Your Spells              Type           Power      Damage    Failure   Level
a - Foxfire               Conj/Fire      52%        2x1d6     4%          1
b - Conjure Flame         Conj/Fire      13%        6-21      14%         3
c - Sticky Flame          Conj/Fire      13%        2d4       41%         4

Your spell library contained the following spells:

 Spells                   Type           Power      Damage    Failure   Level
 Inner Flame              Hex/Fire       9%         N/A       24%         3
 Fireball                 Conj/Fire      6%         3d5       77%         5


Dungeon Overview and Level Annotations

Branches:
Dungeon (6/15)
 Temple: D:4-7

Altars:

Shops:
D:1 =[*((

Annotations:
D:3 Grinder, Terence


Innate Abilities, Weirdness & Mutations

You are immune to sickness and miasma.
Your stone body is resilient. (AC +4)
You are immune to poison.
You resist negative energy. (rN+)
You are resistant to electric shocks. (rElec)
You are resistant to unholy torment.
You are immune to petrification.


Message History

Grinder is lightly wounded.
Casting: Foxfire (safe; 4% risk of failure)
Confirm with . or Enter, or press ? or * to list all spells.
You conjure some foxfire!
The foxfire hits Grinder.
Grinder is moderately wounded.
The foxfire hits Grinder.
Grinder is moderately wounded.
Grinder gestures at you.
You suddenly lose the ability to move!
You can move again.
Grinder hits you.
You writhe in agony.
Grinder says, "FISH!"
Grinder says, "Don't move a muscle."
Grinder blinks!
Grinder hits you.
You writhe in agony.
You hit Grinder but do no damage.
Grinder is moderately wounded.
Grinder closely misses you.
You hit Grinder.
Grinder is moderately wounded.
Grinder gestures at you. Pain shoots through your body! Grinder hits you!
* * * LOW HITPOINT WARNING * * *
You writhe in agony.
* * * LOW HITPOINT WARNING * * *
You feel better. Grinder gestures at you. Pain shoots through your body!
Grinder says, "There's only one good use for a tongue: cutting it out."
Grinder gestures at you. Pain shoots through your body!
* * * LOW HITPOINT WARNING * * *
Grinder gestures at you. Pain shoots through your body!
* * * LOW HITPOINT WARNING * * *
Grinder says, "Just stop there for a second..."
Grinder gestures at you. Pain shoots through your body!
You die...

.........#
#.#
###.###..#
#.# .##.#
#..# #.#
....# #..#
#5#
.######..#
#.#
.........#
#.#
..######.#
#.# ....#
#.# #.#
#...# #.#
#@# ....#
#.# #.#
##..##
#.#######.#
#...#
#.........#
#...#
###########
#...#
##..####
#.....#
##..#.#


You could see Grinder.

Vanquished Creatures
  A hound (D:5)
  Robin (D:2)
  2 adders (D:2)
  A worm (D:2)
  A dart slug (D:5)
  6 orcs
  2 ball pythons (D:1)
  5 bats
  3 endoplasms
  3 giant cockroaches
  8 goblins
  6 hobgoblins
  4 jackals (D:2)
  6 kobolds
  6 frilled lizards
  8 rats
63 creatures vanquished.

Vanquished Creatures (others)
  194 foxfires
194 creatures vanquished.

Grand Total: 257 creatures vanquished

Notes
Turn   | Place    | Note
-------+----------+-------------------------------------------
     0 | D:1      | funkygono the Gargoyle Fire Elementalist began the quest
                  | for the Orb.
     0 | D:1      | Reached XP level 1. HP: 10/10 MP: 3/3
   190 | D:1      | Reached XP level 2. HP: 15/15 MP: 1/5
   288 | D:1      | Found Bepp's Armour Shop.
   289 | D:1      | Found Weixocey's Antique Weapon Shoppe.
   313 | D:1      | Found Panatyc's General Store.
   586 | D:1      | Found Qeucytir's Jewellery Boutique.
   905 | D:1      | Found a faded altar of an unknown god.
  1100 | D:2      | Reached XP level 3. HP: 19/19 MP: 3/6
  1536 | D:2      | Noticed Robin
  1561 | D:2      | Killed Robin
  1588 | D:2      | Reached XP level 4. HP: 18/24 MP: 0/8
  1913 | D:2      | Learned a level 3 spell: Conjure Flame
  2154 | D:2      | Learned a level 4 spell: Sticky Flame
  2207 | D:3      | Noticed Terence
  2207 | D:3      | You fall into a shaft and drop 3 floors!
  2207 | D:6      | Noticed a gnoll sergeant
  2287 | D:6      | HP: 1/24 [gnoll sergeant/+0 vorpal spear (2)]
  2296 | D:5      | Entered Level 5 of the Dungeon
  2604 | D:5      | Reached XP level 5. HP: 27/28 MP: 0/9
  3146 | D:3      | Noticed Grinder
  3196 | D:3      | Paralysed by Grinder for 4 turns
  3216 | D:3      | HP: 1/28 [Grinder/nerve-wracking pain (6)]
  3217 | D:3      | Killed from afar by Grinder

Illustrated notes

Levels and vault maps discovered:
D:1:      minmay_arrival_stone_box, layout_loops_ring, serial_shops,
          nicolae_shop_crystal, shop, shop, shop, shop,
          shapermc_ecumenical_altar_starsandcircs
D:2:      layout_rooms, eino_tiny_chamber, uniq_robin
D:3:      layout_basic, uniq_grinder, uniq_terence
D:4:      layout_basic, serial_shops, shop, minivault_19
D:5:      layout_gridville, chequers_temple_overflow_statue_of_worship,
          temple_doors_e, kennysheep_generic_room_9
D:6:      layout_loops_corners, nrook_mini_backslash

Skill      XL: |  1  2  3  4 |
---------------+-------------+-----
Conjurations   | 2 |  2.6
Dodging        | 2 |  2.1
Spellcasting   | 3 |  3.1
Fighting       | |  0.1
Maces & Flails | |  0.6
Stealth        | |  2.1
Fire Magic     | |  3.8

Action                   |  1- 3 |  4- 6 || total
-------------------------+-------+-------++-------
Melee: Club              |    29 |    20 ||    49
       Mace              |       |     2 ||     2
 Cast: Foxfire           |    64 |    48 ||   112
       Conjure Flame     |       |     1 ||     1
  Use: Scroll            |     2 |     2 ||     4
       Potion            |       |     1 ||     1
Armor: Robe              |    20 |    22 ||    42
Dodge: Dodged            |    32 |    31 ||    63

Table legend: (Time is in decaauts)
 A = Elapsed time spent in this place.
 B = Non-inter-level travel time spent in this place.
 C = Inter-level travel time spent in this place.
 D = Time resting spent in this place.
 E = Time spent auto-exploring this place.
 F = Levels seen in this place.
 G = Mean time per level.
                   A        B        C        D        E       F      G
               +--------+--------+--------+--------+--------+-----+--------+
         Total |   3229 |   3193 |     36 |    350 |   2253 |   6 |  538.2 |
       Dungeon |   3229 |   3193 |     36 |    350 |   2253 |   6 |  538.2 |
               +--------+--------+--------+--------+--------+-----+--------+

Top non-repeatable levels by time:
     D:2: 1093 daAuts
     D:1: 1086 daAuts
     D:5: 403 daAuts
     D:3: 390 daAuts
     D:4: 168 daAuts
     D:6: 88 daAuts
